 Dungeon Crawl Stone Soup version 0.19.5 (webtiles) character file.

1060 McKennaii the Chopper (level 8, -7/70 HPs)
             Began as a Minotaur Fighter on May 2, 2017.
             Killed by divine providence
             ... invoked by an orc priest
              (13 damage)
             ... on level 4 of the Dungeon.
             The game lasted 00:08:45 (4158 turns).

McKennaii the Chopper (Minotaur Fighter)            Turns: 4158, Time: 00:08:46

Health: -7/70      AC: 11    Str: 20    XL:     8   Next: 6%
Magic:  7/7        EV: 11    Int:  9    God:
Gold:   284        SH: 10    Dex: 13    Spells: 0 memorised, 7 levels left

rFire  . . .     SeeInvis .     a - +0 war axe
rCold  . . .     Gourm    .     t - +3 ring mail "Pila" {*Drain Int+4 Slay+2}
rNeg   . . .     Faith    .     c - +0 shield
rPois  .         Spirit   .     (helmet restricted)
rElec  .         Reflect  .     s - +0 cloak
rCorr  .         Harm     .     q - +0 pair of gloves
MR     .....                    (no boots)
Stlth  +.........               (no amulet)
                                (no ring)
                                A - ring of wizardry

@: no status effects
A: retaliatory headbutt, horns 2
a: no special abilities


You were on level 4 of the Dungeon.
You were hungry.

You visited 1 branch of the dungeon, and saw 5 of its levels.

You collected 284 gold pieces.

Inventory:

Hand Weapons
 a - a +0 war axe (weapon)
Armour
 b - a +0 scale mail
 c - a +0 shield (worn)
 q - a +0 pair of gloves (worn)
 s - a +0 cloak (worn)
 t - the +3 ring mail "Pila" (worn) {*Drain Int+4 Slay+2}
   (You found it on level 4 of the Dungeon)

   It affects your intelligence (+4).
   It affects your accuracy and damage with ranged weapons and melee attacks
   (+2).
   It causes draining when unequipped.
Jewellery
 w - an uncursed ring of ice
 A - a ring of wizardry (left hand)
Wands
 k - a wand of polymorph (9/24)
Scrolls
 h - a scroll of recharging
 l - 3 scrolls of fear
 m - 2 scrolls of remove curse
 n - a scroll of teleportation {unknown}
 o - a scroll of magic mapping {unknown}
 p - 2 scrolls of random uselessness {unknown}
 r - 2 scrolls of identify {unknown}
 y - a scroll of noise {unknown}
Potions
 d - a potion of might
 e - 2 potions of agility {unknown}
 i - a potion of degeneration {unknown}
 v - a potion of curing {unknown}
 x - 2 potions of brilliance {unknown}
 z - a potion of cancellation {unknown}
 B - a potion of magic {unknown}
Comestibles
 f - 3 bread rations
 g - 4 meat rations
 j - 3 fruits
 u - 2 royal jellies


   Skills:
 + Level 5.9 Fighting
 + Level 6.7 Axes
 + Level 6.1 Armour
 + Level 3.6 Dodging
 + Level 0.3 Stealth
 + Level 5.8 Shields


You had 7 spell levels left.
You didn't know any spells.

Dungeon Overview and Level Annotations

Branches:
Dungeon (5/15)
 Temple: D:4-7

Altars:
Cheibriados
Dithmenos
Elyvilon
Hepliaklqana
Kikubaaqudgha
Ru
Trog
Uskayaw
Zin

Annotations:
D:5 1 runed door, McKennaii's ghost, novice MiFi


Innate Abilities, Weirdness & Mutations

You reflexively headbutt those who attack you in melee.
You have a pair of horns on your head.


Message History

McKennaii's ghost hits you but does no damage.
You completely miss McKennaii's ghost.
McKennaii's ghost is severely damaged.
McKennaii's ghost closely misses you. You furiously retaliate!
You headbutt McKennaii's ghost. You closely miss McKennaii's ghost.
You headbutt McKennaii's ghost!
McKennaii's ghost is almost destroyed.
McKennaii's ghost hits you!
* * * LOW HITPOINT WARNING * * *
You can't go down here!
You block McKennaii's ghost's attack.
You climb upwards.
The ghost fades into the shadows.
McKennaii's ghost disappears!
There is a stone staircase leading down here.
You start resting.
An orc priest comes into view. It is wielding a flail.
The orc priest shouts!
The orc priest calls down the wrath of Beogh upon you.
Beogh smites you!
You die...

.######.# #..#.###.#.........##.
## #.# ##.#.....#########.##. #.#
#.#.....# #..)..#.##. #######.#
#.#.....# #.###.#.##. .....##.#
#.......# #.# #.#.##. ####.##.#
##......###.# #.#.##. #.##)##
#..........# #.#.##.
####.#...#####.....########.#.##.
.........+......@.....o.......##.
.........######>###########.####.
.........# #.# #.####. .........#
#.# #...... ......#### #.#
####### ......# #.# .(....# #.#
......# #.# ####### #.#


You could see an orc priest.

Vanquished Creatures
  Sigmund (D:5)
  An ice beast (D:5)
  2 ogres
  A centaur (D:5)
  A centaur skeleton (D:5)
  4 hounds
  An orc priest (D:5)
  A bullfrog skeleton (D:4)
  5 orc wizards
  A worker ant (D:5)
  A hound skeleton (D:4)
  7 adders
  5 worms
  A dart slug (D:3)
  A leopard gecko (D:5)
  18 orcs
  3 giant cockroaches
  3 goblins
  10 hobgoblins
  6 jackals
  2 quokkas
  A ball python (D:3)
  6 bats
  3 frilled lizards
  11 kobolds
  A leopard gecko zombie (D:5)
  2 quokka skeletons
  5 rats
104 creatures vanquished.

Notes
Turn   | Place    | Note
-------+----------+-------------------------------------------
     0 | D:1      | McKennaii the Minotaur Fighter began the quest for the Orb.
     0 | D:1      | Reached XP level 1. HP: 19/19 MP: 0/0
   286 | D:1      | Reached XP level 2. HP: 22/27 MP: 1/1
   838 | D:2      | Reached XP level 3. HP: 16/33 MP: 2/2
  1415 | D:2      | Noticed a dagger
  1416 | D:2      | Found a hide-covered altar of Uskayaw.
  1416 | D:2      | Noticed a dagger
  1425 | D:2      | Found a bloodstained altar of Trog.
  1660 | D:3      | Reached XP level 4. HP: 30/40 MP: 3/3
  2173 | D:4      | Reached skill level 1 in Dodging
  2173 | D:4      | Reached XP level 5. HP: 45/46 MP: 4/4
  2278 | D:4      | Noticed an ogre
  2705 | D:3      | Killed an ogre
  2775 | D:4      | Found a shadowy altar of Dithmenos.
  2873 | D:4      | Found a white marble altar of Elyvilon.
  2893 | D:4      | Reached skill level 5 in Axes
  2913 | D:4      | Reached XP level 6. HP: 41/53 MP: 5/5
  3197 | D:4      | Found a glowing silver altar of Zin.
  3197 | D:4      | Found an ancient bone altar of Kikubaaqudgha.
  3346 | D:4      | Reached skill level 5 in Fighting
  3346 | D:4      | Reached skill level 5 in Armour
  3346 | D:4      | Reached skill level 5 in Shields
  3710 | D:4      | Got a shimmering ring mail
  3721 | D:4      | Identified the +3 ring mail "Pila" {*Drain Int+4 Slay+2} (You found it on level 4 of the Dungeon)
  3725 | D:5      | Entered Level 5 of the Dungeon
  3729 | D:5      | Noticed Sigmund
  3729 | D:5      | Reached XP level 7. HP: 61/61 MP: 6/6
  3756 | D:5      | Killed Sigmund
  3802 | D:5      | Found a sacrificial altar of Ru.
  3887 | D:5      | Found a runed door.
  3945 | D:5      | Found a snail-covered altar of Cheibriados.
  4010 | D:5      | Found a hazy altar of Hepliaklqana.
  4010 | D:5      | Found a faded altar of an unknown god.
  4016 | D:5      | Found a faded altar of an unknown god.
  4018 | D:5      | Found a faded altar of an unknown god.
  4021 | D:5      | Found a faded altar of an unknown god.
  4053 | D:5      | Reached XP level 8. HP: 57/70 MP: 7/7
  4072 | D:5      | Noticed McKennaii's ghost (novice MiFi)
  4158 | D:4      | Killed from afar by an orc priest

Skill      XL: |  1  2  3  4  5  6  7 |
---------------+----------------------+-----
Fighting       | 4 5 |  5.9
Shields        | 4 5 |  5.8
Armour         | 4 5 6 |  6.1
Axes           | 3 4 5 6 |  6.7
Dodging        | 1 2 3 |  3.6
Stealth        | |  0.3

Action                   |  1- 3 |  4- 6 |  7- 9 || total
-------------------------+-------+-------+-------++-------
Melee: War axe           |    82 |   145 |    70 ||   297
       Headbutt          |    10 |    26 |    15 ||    51
  Use: Scroll            |       |     1 |     3 ||     4
  Eat: Chunk             |     2 |     7 |     1 ||    10
Armor: Scale mail        |    43 |    51 |       ||    94
       Ring mail         |       |     1 |    24 ||    25
Dodge: Dodged            |    30 |    56 |    40 ||   126
Block: Shield            |    46 |    87 |    42 ||   175
